MIDW
DAYTON DRAGONS @ FORT WAYNE WIZARDS
08/12/2002
 
TOP OF THE 1ST
Dayton Dragons batting - Pitching for Fort Wayne Wizards : RHP Travis Teeter
Pitching: RHP Travis Teeter
Batting: RHB Jordan Czarniecki 0-0: Called Strike
0-1: Ball
1-1: Ball
2-1: Fly out, F8 (Flyball, 8LD, EV 108.1 MPH)
Batting: RHB Daniel Flores 0-0: Called Strike
0-1: Ball
1-1: Foul Ball, location: 9LDF
1-2: Strikes out swinging
Batting: RHB Jeremy Cleveland 0-0: Ball
1-0: Foul Ball, location: 2F
1-1: Ball
2-1: Ball
3-1: SINGLE (Line Drive, 7LS, EV 90.6 MPH)
Batting: LHB T.J. Freeman 0-0: Fly out, F7 (Flyball, 7D, EV 95.0 MPH)
Top of the 1st over - 0 runs, 1 hit, 0 errors, 1 left on base; Dayton 0 - Fort Wayne 0
BOTTOM OF THE 1ST
Fort Wayne Wizards batting - Pitching for Dayton Dragons : LHP Matt Levan
Pitching: LHP Matt Levan
Batting: RHB Joe Gaetti 0-0: Ball
1-0: Ball
2-0: Fly out, F9 (Flyball, 89M, EV 79.4 MPH)
Batting: RHB John Wilson 0-0: Called Strike
0-1: Called Strike
0-2: Foul Ball, location: 3DF
0-2: Ball
1-2: Strikes out swinging
Batting: RHB Vito Chiaravalloti 0-0: Ball
1-0: Swinging Strike
1-1: Ball
2-1: Foul Ball, location: 2F
2-2: Fly out, F8 (Flyball, 8LM, EV 88.1 MPH)
Bottom of the 1st over - 0 runs, 0 hits, 0 errors, 0 left on base; Dayton 0 - Fort Wayne 0
TOP OF THE 2ND
Dayton Dragons batting - Pitching for Fort Wayne Wizards : RHP Travis Teeter
Batting: RHB Bubba Pfister 0-0: Ball
1-0: Called Strike
1-1: Foul Ball, location: 25FF
1-2: Foul Ball, location: 5F
1-2: Ball
2-2: Ground out 4-3 (Groundball, 4, EV 84.4 MPH)
Batting: RHB Jose Cruz 0-0: Foul Ball, location: 9LSF
0-1: Ball
1-1: Ball
2-1: Ball
3-1: Fly out, F5 (Popup, 5, EV 74.4 MPH)
Batting: RHB Donnie Murphy 0-0: Fly out, F6 (Popup, 56D, EV 56.9 MPH)
Top of the 2nd over - 0 runs, 0 hits, 0 errors, 0 left on base; Dayton 0 - Fort Wayne 0
BOTTOM OF THE 2ND
Fort Wayne Wizards batting - Pitching for Dayton Dragons : LHP Matt Levan
Batting: RHB Xavier Nady 0-0: Ball
1-0: Foul Ball, location: 9LMF
1-1: Ball
2-1: Ground out 4-3 (Groundball, 4, EV 76.9 MPH)
Batting: RHB Javier Hernandez 0-0: Ball
1-0: Called Strike
1-1: SINGLE (Line Drive, 8RS, EV 85.6 MPH)
Batting: RHB Tim Stauffer 0-0: SINGLE (Line Drive, 6D, EV 96.3 MPH)
Javier Hernandez to second
Batting: RHB Noochie Varner 0-0: Foul Ball, location: 2RF
0-1: Called Strike
0-2: Foul Ball, location: 9LSF
0-2: Foul Ball, location: 2F
0-2: Strikes out swinging
Batting: RHB Mike Morse 0-0: Called Strike
0-1: Ball
1-1: Called Strike
1-2: Strikes out swinging
Bottom of the 2nd over - 0 runs, 2 hits, 0 errors, 2 left on base; Dayton 0 - Fort Wayne 0
TOP OF THE 3RD
Dayton Dragons batting - Pitching for Fort Wayne Wizards : RHP Travis Teeter
Batting: LHB Rico Padilla 0-0: Called Strike
0-1: Foul Ball, location: 2F
0-2: Ball
1-2: Strikes out swinging
Batting: SHB Jason Moore 0-0: Swinging Strike
0-1: Ball
1-1: Ball
2-1: Fly out, F6 (Popup, 15, EV 75.6 MPH)
Batting: RHB Jordan Czarniecki 0-0: Ground out 6-3 (Groundball, 6, EV 91.9 MPH)
Top of the 3rd over - 0 runs, 0 hits, 0 errors, 0 left on base; Dayton 0 - Fort Wayne 0
BOTTOM OF THE 3RD
Fort Wayne Wizards batting - Pitching for Dayton Dragons : LHP Matt Levan
Batting: RHB Chris Woodward 0-0: Called Strike
0-1: Ball
1-1: Swinging Strike
1-2: Foul Ball, location: 23F
1-2: Strikes out swinging
Batting: RHB Joe Gaetti 0-0: Called Strike
0-1: Ground out 3-1 (Groundball, 34, EV 97.5 MPH)
Batting: RHB John Wilson 0-0: Called Strike
0-1: Fly out, F8 (Flyball, 8LD, EV 108.1 MPH)
Bottom of the 3rd over - 0 runs, 0 hits, 0 errors, 0 left on base; Dayton 0 - Fort Wayne 0
TOP OF THE 4TH
Dayton Dragons batting - Pitching for Fort Wayne Wizards : RHP Travis Teeter
Batting: RHB Daniel Flores 0-0: Called Strike
0-1: Ball
1-1: Foul Ball, location: 2F
1-2: Strikes out swinging
Batting: RHB Jeremy Cleveland 0-0: Called Strike
0-1: Called Strike
0-2: Ball
1-2: Fly out, F8 (Flyball, 78M, EV 95.6 MPH)
Batting: LHB T.J. Freeman 0-0: Fly out, F8 (Flyball, 8RD, EV 107.5 MPH)
Top of the 4th over - 0 runs, 0 hits, 0 errors, 0 left on base; Dayton 0 - Fort Wayne 0
BOTTOM OF THE 4TH
Fort Wayne Wizards batting - Pitching for Dayton Dragons : LHP Matt Levan
Batting: RHB Vito Chiaravalloti 0-0: Swinging Strike
0-1: Swinging Strike
0-2: Ball
1-2: Ball
2-2: Ball
3-2: Strikes out swinging
Batting: RHB Xavier Nady 0-0: Ball
1-0: Swinging Strike
1-1: Ball
2-1: Called Strike
2-2: Strikes out swinging
Batting: RHB Javier Hernandez 0-0: Fly out, F9 (Line Drive, 3D, EV 66.3 MPH)
Bottom of the 4th over - 0 runs, 0 hits, 0 errors, 0 left on base; Dayton 0 - Fort Wayne 0
TOP OF THE 5TH
Dayton Dragons batting - Pitching for Fort Wayne Wizards : RHP Travis Teeter
Batting: RHB Bubba Pfister 0-0: Ball
1-0: Called Strike
1-1: Ground out 6-3 (Groundball, 6, EV 77.5 MPH)
Batting: RHB Jose Cruz 0-0: Ball
1-0: Called Strike
1-1: Called Strike
1-2: Foul Ball, location: 2F
1-2: SINGLE (Line Drive, 7LM, EV 99.4 MPH)
Batting: RHB Donnie Murphy 0-0: Swinging Strike
0-1: Ball
Wild Pitch!
Jose Cruz to second
1-1: Ball
2-1: Foul Ball, location: 7LMF
2-2: Strikes out swinging
Batting: LHB Rico Padilla 0-0: Ball
1-0: Called Strike
1-1: Foul Ball, location: 2F
1-2: Ground out U3 (Groundball, 23, EV 80.0 MPH)
Top of the 5th over - 0 runs, 1 hit, 0 errors, 1 left on base; Dayton 0 - Fort Wayne 0
BOTTOM OF THE 5TH
Fort Wayne Wizards batting - Pitching for Dayton Dragons : LHP Matt Levan
Batting: RHB Tim Stauffer 0-0: Ball
1-0: Foul Ball, location: 2F
1-1: Swinging Strike
1-2: Strikes out swinging
Batting: RHB Noochie Varner 0-0: Called Strike
0-1: Called Strike
0-2: Strikes out swinging
Batting: RHB Mike Morse 0-0: Called Strike
0-1: Called Strike
0-2: Foul Ball, location: 9LSF
0-2: Ball
1-2: Strikes out swinging
Bottom of the 5th over - 0 runs, 0 hits, 0 errors, 0 left on base; Dayton 0 - Fort Wayne 0
TOP OF THE 6TH
Dayton Dragons batting - Pitching for Fort Wayne Wizards : RHP Travis Teeter
Batting: SHB Jason Moore 0-0: Called Strike
0-1: Ground out 6-3 (Groundball, 56, EV 104.4 MPH)
Batting: RHB Jordan Czarniecki 0-0: Swinging Strike
0-1: Ball
1-1: Foul Ball, location: 9LSF
1-2: Ball
2-2: Foul Ball, location: 25F
2-2: Ball
3-2: Strikes out looking
Batting: RHB Daniel Flores 0-0: Ball
1-0: Ball
2-0: Called Strike
2-1: Foul Ball, location: 9LSF
2-2: Foul Ball, location: 23F
2-2: Ball
3-2: SOLO HOME RUN (Flyball, 89XD, EV 98.1 MPH), Distance : 405 ft
Batting: RHB Jeremy Cleveland 0-0: Ball
1-0: Swinging Strike
1-1: Ball
2-1: Ball
3-1: Ground out 5-3 (Groundball, 56S, EV 88.8 MPH)
Top of the 6th over - 1 run, 1 hit, 0 errors, 0 left on base; Dayton 1 - Fort Wayne 0
BOTTOM OF THE 6TH
Fort Wayne Wizards batting - Pitching for Dayton Dragons : LHP Matt Levan
Batting: RHB Chris Woodward 0-0: Ground out 5-3 (Groundball, 56, EV 86.3 MPH)
Batting: RHB Joe Gaetti 0-0: Ball
1-0: Called Strike
1-1: Hit by Pitch
Batting: RHB John Wilson 0-0: SINGLE (Line Drive, 34D, EV 96.9 MPH)
Joe Gaetti to second
Batting: RHB Vito Chiaravalloti 0-0: Called Strike
0-1: Swinging Strike
0-2: Ball
1-2: Ball
2-2: Foul Ball, location: 3F
2-2: Hit by Pitch
Joe Gaetti to third
John Wilson to second
Batting: RHB Xavier Nady 0-0: Called Strike
0-1: Ball
1-1: Fly out, F8 (Flyball, 8RD, EV 102.5 MPH)
Runner from 3rd tags up, SCORES, no throw by CF
Batting: RHB Javier Hernandez 0-0: Called Strike
0-1: Foul Ball, location: 3DF
0-2: SINGLE (Groundball, 6D, EV 94.4 MPH)
John Wilson to third
Vito Chiaravalloti to second
Runner from 3rd tries for Home, SAFE, throw by LF to home
Batting: RHB Tim Stauffer 0-0: Foul Ball, location: 2F
0-1: Ball
1-1: Swinging Strike
1-2: Fielders Choice at 2nd, 5-4 (Groundball, 56, EV 110.6 MPH)
Bottom of the 6th over - 2 runs, 2 hits, 0 errors, 2 left on base; Dayton 1 - Fort Wayne 2
TOP OF THE 7TH
Dayton Dragons batting - Pitching for Fort Wayne Wizards : RHP Travis Teeter
Batting: LHB T.J. Freeman 0-0: Ball
1-0: Ball
2-0: Called Strike
2-1: Fly out, F2 (Popup, 23F, EV 85.0 MPH)
Batting: RHB Bubba Pfister 0-0: Swinging Strike
0-1: Foul Ball, location: 3F
0-2: Ground out 1-3 (Groundball, 15S, EV 67.5 MPH)
Batting: RHB Jose Cruz 0-0: Ball
1-0: Fly out, F8 (Flyball, 8LD, EV 83.8 MPH)
Top of the 7th over - 0 runs, 0 hits, 0 errors, 0 left on base; Dayton 1 - Fort Wayne 2
BOTTOM OF THE 7TH
Fort Wayne Wizards batting - Pitching for Dayton Dragons : LHP Matt Levan
Batting: RHB Noochie Varner 0-0: Ball
1-0: Ground out 5-3 (Groundball, 56S, EV 71.9 MPH)
Batting: RHB Mike Morse 0-0: Ball
1-0: Swinging Strike
1-1: Foul Ball, location: 25F
1-2: Foul Ball, location: 2F
1-2: TRIPLE (Flyball, 78XD, EV 98.1 MPH)
Pitching: RHP Scott Porter
Batting: RHB Chris Woodward 0-0: SINGLE (Groundball, 56, EV 110.0 MPH)
Mike Morse scores
Batting: RHB Joe Gaetti 0-0: Ball
1-0: Called Strike
1-1: Swinging Strike
1-2: Foul Ball, location: 2F
1-2: Ball
2-2: Foul Ball, location: 2RF
2-2: Strikes out looking
Batting: RHB John Wilson 0-0: Ball
1-0: SINGLE (Line Drive, 89M, EV 104.4 MPH)
Chris Woodward to second
Batting: RHB Vito Chiaravalloti 0-0: Ground out U3 (Groundball, 3, EV 100.6 MPH)
Bottom of the 7th over - 1 run, 3 hits, 0 errors, 2 left on base; Dayton 1 - Fort Wayne 3
TOP OF THE 8TH
Dayton Dragons batting - Pitching for Fort Wayne Wizards : RHP Travis Teeter
Pitching: RHP James Russ
Batting: RHB Donnie Murphy 0-0: Foul Ball, location: 2F
0-1: Fly out, F8 (Flyball, 8RXD, EV 106.9 MPH)
Batting: LHB Rico Padilla 0-0: Fly out, F7 (Flyball, 7, EV 86.9 MPH)
Batting: SHB Jason Moore 0-0: Ball
1-0: Called Strike
1-1: Swinging Strike
1-2: Ball
2-2: Foul Ball, location: 9LSF
2-2: SINGLE (Groundball, 34D, EV 104.4 MPH)
Batting: RHB Jordan Czarniecki 0-0: Called Strike
0-1: Ball
1-1: Foul Ball, location: 3F
1-2: Strikes out swinging
Top of the 8th over - 0 runs, 1 hit, 0 errors, 1 left on base; Dayton 1 - Fort Wayne 3
BOTTOM OF THE 8TH
Fort Wayne Wizards batting - Pitching for Dayton Dragons : RHP Scott Porter
Batting: RHB Xavier Nady 0-0: Called Strike
0-1: Called Strike
0-2: Strikes out swinging
Batting: RHB Javier Hernandez 0-0: Ball
1-0: Called Strike
1-1: Foul Ball, location: 2F
1-2: SINGLE (Flyball, 34D, EV 89.4 MPH)
Batting: RHB Tim Stauffer 0-0: Ball
1-0: Fly out, F5 (Popup, 5SF, EV 81.3 MPH)
Batting: RHB Noochie Varner 0-0: Ball
1-0: Fly out, F9 (Line Drive, 9, EV 79.4 MPH)
Bottom of the 8th over - 0 runs, 1 hit, 0 errors, 1 left on base; Dayton 1 - Fort Wayne 3
TOP OF THE 9TH
Dayton Dragons batting - Pitching for Fort Wayne Wizards : RHP James Russ
Pitching: RHP Ozzie Vives
Now at 1B: Travis Hake
Now in CF: Claudio Almonte
Now in RF: Xavier Nady
Batting: RHB Daniel Flores 0-0: Ball
1-0: Ground out 4-3 (Groundball, 4, EV 107.5 MPH)
Batting: RHB Jeremy Cleveland 0-0: Called Strike
0-1: Foul Ball, location: 2F
0-2: Ball
1-2: Ball
2-2: Foul Ball, location: 9LSF
2-2: Strikes out swinging
Pinch Hitting: RHB Ryan Goleski 0-0: Ground out 4-3 (Groundball, 4, EV 87.5 MPH)
Top of the 9th over - 0 runs, 0 hits, 0 errors, 0 left on base; Dayton 1 - Fort Wayne 3
Tuesday, July 23rd , 2024 - OOTP Baseball 25.6 Build 71